 Dungeon Crawl Stone Soup version 0.18.1-48-g4cf74bf (webtiles) character file.

10696 tyranidshit the Fighter (level 11, -4/110 HPs)
             Began as a Deep Dwarf Necromancer on July 12, 2016.
             Was a High Priest of Makhleb.
             Slain by a wyvern (17 damage)
             ... on level 3 of the Lair of Beasts.
             The game lasted 01:05:17 (9411 turns).

tyranidshit the Fighter (Deep Dwarf Necromancer)    Turns: 9411, Time: 01:05:18

Health: -4/110     AC: 10    Str: 16    XL:     11   Next: 39%
Magic:  33/43      EV: 13    Int: 18    God:    Makhleb [*****.]
Gold:   211        SH:  0    Dex: 20    Spells: 3 memorised, 22 levels left

rFire  . . .     SeeInvis +     H - +5 triple sword of Jorex {drain, MR- Dex+5 SInv Stlth+}
rCold  + + .     Gourm    .     k - +2 robe "Hiopeth" {*Drain rC++ MP+9 Str+3}
rNeg   . . .     Faith    .     (shield currently unavailable)
rPois  .         Spirit   .     d - +0 hat {MR+}
rElec  .         Dismiss  .     y - +1 cloak
rCorr  .         Reflect  .     v - +2 pair of gloves
SustAt .         Harm     .     z - +0 pair of boots
MR     +....                    (no amulet)
Stlth  ++++......               A - ring of magical power
                                l - +2 ring of dexterity

@: lethally poisoned (-4 -> -4), non-regenerating, somewhat resistant to hostile
enchantments, stealthy
A: damage resistance, recharge devices, sense surroundings 2, slow regeneration
3
a: Device Recharging, Minor Destruction, Lesser Servant of Makhleb, Major
Destruction, Greater Servant of Makhleb, Renounce Religion


You were on level 3 of the Lair of Beasts.
You worshipped Makhleb.
Makhleb was extremely pleased with you.
You were not hungry.

You visited 3 branches of the dungeon, and saw 15 of its levels.

You collected 939 gold pieces.
You spent 728 gold pieces at shops.

Inventory:

Hand Weapons
 q - a +3 rapier
 B - a +3 quarterstaff of chaos
 H - the +5 triple sword of Jorex (weapon) {drain, MR- Dex+5 SInv Stlth+}
   (You acquired it on level 2 of the Lair of Beasts)

   A truly terrible weapon, it drains the life of those it strikes.
   It affects your dexterity (+5).
   It affects your resistance to hostile enchantments.
   It lets you see invisible.
   It makes you more stealthy.
Missiles
 s - 54 poisoned needles
 L - 3 needles of confusion
Armour
 d - a +0 hat of magic resistance (worn)
 k - the +2 robe "Hiopeth" (worn) {*Drain rC++ MP+9 Str+3}
   (You took it off a kobold on level 4 of the Dungeon)

   It affects your strength (+3).
   It greatly protects you from cold.
   It affects your magic capacity (+9).
   It causes draining when unequipped.
 v - a +2 pair of gloves (worn)
 y - a +1 cloak (worn)
 z - a +0 pair of boots (worn)
 F - the cursed +1 robe of Filth {+Fly}
   (You found it on level 1 of the Lair of Beasts)

   It lets you fly.
   It has a curse placed upon it.
Jewellery
 l - a +2 ring of dexterity (left hand)
 n - an uncursed ring of ice
 A - a ring of magical power (right hand)
 P - an uncursed amulet of harm
Wands
 c - a wand of heal wounds (0/9)
 x - a wand of flame (28/48)
 D - a wand of random effects (18/48)
 J - a wand of paralysis (17/24)
 Q - a wand of iceblast (4/15)
Scrolls
 a - a scroll of magic mapping
 e - 2 scrolls of remove curse
 j - 3 scrolls of identify
 r - a scroll of immolation
 w - 2 scrolls of blinking
 K - a scroll of noise
Potions
 f - 3 potions of lignification
 g - a potion of heal wounds
 i - 3 potions of berserk rage
 o - a potion of curing
 p - 2 potions of haste
 u - a potion of mutation {unknown}
 E - 3 potions of flight
 N - a potion of cancellation
Books
 b - a book of Necromancy

   Spells                             Type                      Level
   a - Pain                           Necromancy                   1
   b - Animate Skeleton               Necromancy                   1
   c - Vampiric Draining              Necromancy                   3
   d - Regeneration                   Charms/Necromancy            3
   e - Animate Dead                   Necromancy                   4
   f - Control Undead                 Necromancy                   4
 m - a Grand Grimoire

   Spells                             Type                      Level
   a - Monstrous Menagerie            Summoning                    7
   b - Summon Greater Demon           Summoning                    7
   c - Malign Gateway                 Summoning/Translocation      7
   d - Summon Horrible Things         Summoning                    8
Miscellaneous
 C - a disc of storms
 G - a plain deck of wonders
 I - a phantom mirror
Comestibles
 h - 5 meat rations
 t - 8 fruits
 M - a slice of pizza
 O - 2 bread rations


   Skills:
 - Level 10.5 Fighting
 - Level 2.6 Staves
 - Level 2.1 Dodging
 - Level 2.4 Stealth
 - Level 10.1 Spellcasting
 + Level 6.8 Necromancy
 + Level 6.1 Invocations


You had 22 spell levels left.
You knew the following spells:

 Your Spells              Type           Power        Failure   Level  Hunger
a - Pain                  Necr           ####         1%          1    None
b - Vampiric Draining     Necr           ####......   1%          3    None
c - Animate Dead          Necr           N/A          6%          4    ###....


Dungeon Overview and Level Annotations

Branches:
Dungeon (11/15)            Temple (1/1) D:4            Lair (3/8) D:10
    Orc (0/2) D:9
  Swamp: Lair:3-6    Shoals: Lair:3-6     Snake: Lair:3-6    Spider: Lair:3-6

Altars:
Ashenzari
Cheibriados
Dithmenos
Elyvilon
Fedhas
Kikubaaqudgha
Makhleb
Nemelex Xobeh
Okawaru
Pakellas
Sif Muna
Trog
Vehumet
Xom
Yredelemnul
Zin
The Shining One
Beogh

Shops:
D:7 *

Annotations:
D:3 TBriggs11TB's ghost, amateur HuBe
D:5 tyranidshit's ghost, novice DDNe
D:11 Fannar


Innate Abilities, Weirdness & Mutations

You are resistant to damage.
You can recharge devices by infusing magical energy.
You passively map the area around you.
You do not regenerate naturally.


Message History

Your Invocations skill increases to level 6!
You feel life coursing into your body.
You feel sick.
There is an open door here.
A wyvern comes into view.
Found a scroll of enchant weapon.
There is an open door here.
A demon appears!
You feel slightly more hungry.
There is an open door here.
You see here a potion of haste.
p - 2 potions of haste (gained 1)
Casting: Vampiric Draining
Confirm with . or Enter, or press ? or * to list all spells.
Aiming: Vampiric Draining
Press: ? - help, Shift-Dir - straight line, f - wyvern
Aim: a wyvern The wyvern is heavily wounded.
You feel life coursing into your body. The wyvern bites you!
* * * LOW HITPOINT WARNING * * *
The wyvern bites you!!
You die...

#. *,...## ##.., ##$#.#
#...#* ## ###...####
##+...####.####..#.+#..#
..?.....###..#..........
........##...'..........
*........+...##..........
........4.#P#...........
......l@#####........<..
..........# ##..........
,..P..P##### ###P.##P.##
###### ########


You could see a wyvern and a friendly orange demon.

Vanquished Creatures
  Gastronok (Lair:2)
  Erolcha (D:10)
  Joseph (D:7)
  2 black mambas (Lair:2)
  2 spiny frogs
  A troll (D:10)
  Sigmund (D:5)
  2 basilisks (Lair:1)
  4 yaks (D:9)
  A hungry ghost (D:9)
  2 hippogriffs (Lair:2)
  Menkaure (D:6)
  2 water moccasins
  Duvessa (D:7)
  4 orc warriors
  An ice beast (D:7)
  4 sky beasts
  2 black bears
  An ogre (D:6)
  4 phantoms
  4 centaurs
  6 crocodiles
  Blork the orc (D:6)
  5 giant frogs
  Dowan (D:7)
  A scorpion (D:4)
  A wyvern skeleton (D:7)
  6 killer bees
  5 howler monkeys (D:7)
  A crimson imp (D:8)
  2 quasits
  Crazy Yiuf (D:7)
  A giant frog zombie (D:5)
  6 hounds
  2 giant frog skeletons
  3 orc priests
  5 jellies
  5 orc wizards
  3 iguanas
  9 worker ants
  A hound zombie (D:7)
  A hound skeleton (D:6)
  8 adders
  7 gnolls
  2 shadow imps
  An ooze (D:6)
  An adder zombie (D:8)
  An adder skeleton (D:8)
  A worm (D:2)
  2 dart slugs
  4 giant geckos
  45 orcs
  A ball python (D:8)
  7 giant cockroaches
  7 goblins
  6 hobgoblins
  16 jackals
  6 kobolds
  4 quokkas
  5 bats
  A giant gecko skeleton (D:8)
  3 giant newts
  A quokka skeleton (D:4)
  7 rats
244 creatures vanquished.

Vanquished Creatures (collateral kills)
  A hydra (Lair:2)
1 creature vanquished.

Grand Total: 245 creatures vanquished

Notes
Turn   | Place    | Note
--------------------------------------------------------------
     0 | D:1      | tyranidshit the Deep Dwarf Necromancer began the quest for the Orb.
     0 | D:1      | Reached XP level 1. HP: 15/15 MP: 3/3
   167 | D:1      | Reached XP level 2. HP: 9/24 MP: 1/5
   575 | D:1      | Reached skill level 1 in Fighting
  1044 | D:2      | Found a white marble altar of Elyvilon.
  1157 | D:1      | Reached XP level 3. HP: 22/31 MP: 0/6
  1162 | D:1      | Learned a level 3 spell: Vampiric Draining
  1619 | D:3      | Reached XP level 4. HP: 23/39 MP: 5/8
  1787 | D:3      | Gained mutation: Your system is resistant to poisons. [potion of beneficial mutation]
  1795 | D:3      | Lost mutation: Your system is resistant to poisons. [potion of cure mutation]
  2039 | D:3      | Noticed TBriggs11TB's ghost (amateur HuBe)
  2341 | D:4      | Found a staircase to the Ecumenical Temple.
  2385 | Temple   | Entered the Ecumenical Temple
  2478 | Temple   | Became a worshipper of Makhleb the Destroyer
  2562 | D:4      | Found a glowing golden altar of the Shining One.
  2587 | D:4      | Got a faintly humming robe
  2603 | D:4      | Identified the +2 robe "Hiopeth" {*Drain rC++ MP+9 Str+3} (You took it off a kobold on level 4 of the Dungeon)
  2684 | D:4      | Reached XP level 5. HP: 44/49 MP: 0/10
  2971 | D:4      | Found a burning altar of Makhleb.
  3108 | D:4      | Noticed a phantom
  3288 | D:4      | Killed a phantom
  3288 | D:4      | Reached XP level 6. HP: 33/57 MP: 12/12
  3327 | D:4      | Found a blossoming altar of Fedhas.
  3365 | D:5      | Entered Level 5 of the Dungeon
  3536 | D:5      | Noticed Sigmund
  3546 | D:5      | Killed Sigmund
  3553 | D:5      | Noticed tyranidshit's ghost (novice DDNe)
  3583 | D:5      | Noticed a water moccasin
  3594 | D:5      | Killed a water moccasin
  3594 | D:5      | Reached XP level 7. HP: 40/66 MP: 0/14
  3784 | D:5      | Found a sparkling altar of Nemelex Xobeh.
  3936 | D:5      | Reached skill level 5 in Spellcasting
  4004 | D:6      | Reached * piety under Makhleb
  4033 | D:6      | Reached skill level 5 in Fighting
  4073 | D:6      | Noticed Menkaure
  4241 | D:6      | Reached XP level 8. HP: 74/76 MP: 7/16
  4347 | D:6      | Noticed Blork the orc
  4362 | D:6      | Killed Blork the orc
  4508 | D:6      | Killed Menkaure
  4579 | D:7      | Reached ** piety under Makhleb
  4613 | D:7      | Found a shadowy altar of Dithmenos.
  4752 | D:7      | Noticed Crazy Yiuf
  4758 | D:7      | Killed Crazy Yiuf
  4867 | D:7      | Found a radiant altar of Vehumet.
  4950 | D:7      | Noticed Joseph
  4981 | D:7      | Killed Joseph
  4981 | D:7      | Gained mutation: You passively map the area around you. [Deep Dwarf growth]
  4981 | D:7      | Reached XP level 9. HP: 43/87 MP: 5/20
  5052 | D:7      | Found Vuumnatse's General Store.
  5307 | D:7      | Found an ancient bone altar of Kikubaaqudgha.
  5334 | D:7      | Reached *** piety under Makhleb
  5499 | D:7      | Noticed Duvessa
  5500 | D:7      | Noticed Dowan
  5509 | D:7      | Killed Duvessa
  5522 | D:7      | Killed Dowan
  6031 | D:9      | Found a basalt altar of Yredelemnul.
  6300 | D:9      | Reached **** piety under Makhleb
  6329 | D:9      | Found a staircase to the Orcish Mines.
  6440 | D:9      | Reached XP level 10. HP: 49/99 MP: 22/22
  6683 | D:10     | Entered Level 10 of the Dungeon
  6768 | D:10     | Noticed Erolcha
  6791 | D:10     | Killed Erolcha
  6881 | D:10     | Found a staircase to the Lair.
  7043 | D:10     | Found a roughly hewn altar of Beogh.
  7085 | D:10     | Reached skill level 10 in Fighting
  7103 | D:10     | Reached ***** piety under Makhleb
  7588 | Lair:1   | Entered Level 1 of the Lair of Beasts
  7598 | Lair:1   | Got a bloodstained scale mail
  7599 | Lair:1   | Identified the cursed +0 scale mail "Zemank" {*Drain Str+5} (You found it on level 1 of the Lair of Beasts)
  7673 | Lair:1   | Noticed a spiny frog
  7697 | Lair:1   | Killed a spiny frog
  7824 | Lair:1   | Got a silken robe
  7828 | Lair:1   | Identified the cursed +1 robe of Filth {+Fly} (You found it on level 1 of the Lair of Beasts)
  7896 | Lair:1   | Reached skill level 10 in Spellcasting
  8156 | D:7      | Bought a scroll of acquirement for 728 gold pieces
  8240 | D:9      | Reached skill level 1 in Staves
  8283 | D:10     | Learned a level 4 spell: Animate Dead
  8502 | D:11     | Noticed Fannar
  8808 | Lair:2   | Reached skill level 1 in Invocations
  8825 | Lair:2   | Noticed Gastronok
  8825 | Lair:2   | Noticed a black mamba
  8995 | Lair:2   | Reached XP level 11. HP: 92/110 MP: 25/25
  8997 | Lair:2   | Got a pitted triple sword
  8998 | Lair:2   | Identified the +5 triple sword of Jorex {drain, MR- Dex+5 SInv Stlth+} (You acquired it on level 2 of the Lair of Beasts)
  9064 | Lair:2   | Killed Gastronok
  9064 | Lair:2   | Reached skill level 5 in Necromancy
  9070 | Lair:2   | Noticed a seven-headed hydra
  9218 | Lair:2   | Reached skill level 5 in Invocations
  9313 | Lair:2   | Killed a seven-headed hydra
  9411 | Lair:3   | Slain by a wyvern

Skill      XL: |  1  2  3  4  5  6  7  8  9 10 11 |
---------------+----------------------------------+-----
Spellcasting   | 2 3 4 5 7 8 10 | 10.1
Fighting       | 1 2 3 4 5 7 9 10 | 10.5
Staves         | 2 |  2.6
Invocations    | 1 6 |  6.1
Necromancy     | 6 |  6.8
Dodging        | |  2.1
Stealth        | |  2.4

Action                   |  1- 3 |  4- 6 |  7- 9 | 10-12 || total
-------------------------+-------+-------+-------+-------++-------
Melee: Dagger            |    23 |    38 |       |       ||    61
       Whip              |       |    57 |       |       ||    57
       Scythe            |       |     2 |   111 |       ||   113
       Quarterstaff      |       |       |   209 |   152 ||   361
       Mace              |       |       |     4 |       ||     4
       Triple sword      |       |       |       |     8 ||     8
 Cast: Pain              |    60 |    26 |     4 |     1 ||    91
       Vampiric Draining |     1 |    26 |   105 |   149 ||   281
       Animate Dead      |       |       |       |     3 ||     3
Invok: Lesser Servant of |       |       |       |     1 ||     1
Evoke: Wand              |     2 |     4 |     1 |     5 ||    12
  Use: Scroll            |     6 |     6 |     4 |     7 ||    23
       Potion            |       |     8 |     4 |     3 ||    15
 Stab: Sleeping          |     2 |       |     5 |     4 ||    11
       Paralysed         |       |       |     2 |       ||     2
       Confused          |       |       |     1 |       ||     1
       Petrified         |       |       |     1 |       ||     1
  Eat: Bread ration      |     1 |     2 |     1 |       ||     4
       Beef jerky        |       |       |     1 |       ||     1
       Meat ration       |       |       |     2 |     2 ||     4
       Fruit             |       |       |     3 |     2 ||     5
Armor: Robe              |     9 |    43 |   356 |   132 ||   540
Dodge: Dodged            |    20 |    88 |   500 |   295 ||   903
